Description

Lambo opening with 8 workers (5.0.16)

Replay - Fjant v Lambo - Rainfall LE

Build Order

Get SALT Encoding   

  8  0:00  Drone  
  9  0:11  Drone  
  10  0:16  Drone x2  
  12  0:32  Overlord  
  12  0:39  Extractor, Drone  
  13  0:50  Drone x2  
  15  0:58  Drone  
  16  1:06  Spawning Pool  
  16  1:10  Drone  
  16  1:18  Drone  
  17  1:34  Hatchery  
  17  1:40  Extractor  
  17  1:55  Queen  
  17  2:00  Overlord  
  20  2:09  Extractor  
  21  2:22  Zergling x2  
  23  2:30  Queen  
  28  2:52  Metabolic Boost  
  28  2:54  Zergling x2  
  28  2:57  Overlord  
  35  3:27  Hatchery  
  34  3:34  Baneling Nest, Zergling x6  
  34  3:41  Zergling x2  
  36  3:43  Overlord  
  36  3:46  Zergling x6  
  37  3:55  Zergling x2  
  40  3:59  Overlord  
  46  4:27  Baneling x3  
  50  4:38  Baneling  
  52  4:48  Extractor  
  52  4:49  Roach Warren  
Spawning Tool Build Advisor. Get it on Overwolf

Go to:

Details

  • Created by: StoicLoofah
  • Published on: Jun 25, 2026
  • Patch: 5.0.16
  • Difficulty: Medium
Show
View Real Time Build Order
Export as new Build Order

Comments (1)

On July 8, 2026, 11:29 p.m., jbeal17@gmail.com  said:

The Zerglings x 2(4) off the extractor trick at 2:09 just won me a game. That's how you hold early pool cheese.

Create an account to comment!